Zazza, neutral female human Tourist ----------- ------ #..........-## |....| #|.........|## ------- |.....# #|..........####################-...>.@d# # |....|# #|.........|# # |.....| # -----------+- |....|# #-|---------# #################k....f| ####............| |....|# # ## # |.....| # |...........| |....|# # # #######################+......#####+...........| -.----# # ############## # ------- ------------- ## # # # #--------------- # # # # #|.............| # ### ########### #|..<...........######## # # #-----# #|.............| # ----- # # ####+...|# #..............| ##-...| -.------ ##|...|# |.............| |...| |......|#####+....# --------------- #+...| ---- |......| # |...| ----- |..| |.......## ----- |..| -------- ---- Zazza the Rambler Experience level: 1 Strength: 10 Dexterity: 12 Constitution: 15 Intelligence: 14 Wisdom: 7 Charisma: 17 Health: 0(12) Energy: 2(2) Def: 1 Gold: 1041 Moves: 1006 Dungeon seed: awrJQgQsrMskS5sD Game ID: Zazza_1575652148 Your Inventory: Coins $ - 1041 gold pieces Weapons a - 34 +2 darts (in quiver) s - 13 +0 darts w - a blessed +1 elven spear (weapon in hand) Armor e - an uncursed +0 Hawaiian shirt (being worn) y - an uncursed +0 cloak of displacement (being worn) z - a cursed -1 pair of fumble boots (being worn) Comestibles b - 5 uncursed food rations d - 2 uncursed tripe rations g - an uncursed banana h - an uncursed candy bar i - an uncursed eucalyptus leaf x - an uncursed lichen corpse Scrolls k - an uncursed scroll of magic mapping n - an uncursed scroll of light o - an uncursed scroll of confuse monster t - an uncursed scroll of earth Spellbooks p - a cursed spellbook of healing Potions j - 2 uncursed potions of extra healing r - an uncursed potion of water Tools l - an expensive camera (0:47) m - an uncursed credit card v - an uncursed tin opener Gems q - an uncursed worthless piece of blue glass Spells and supernatural/magical abilities: Name Level Category Fail Memory W - pray for help -- divine ? -- Your skills at the end: Fighting Skills Weapon Skills dart [Basic] Spellcasting Skills Final Attributes: You were stridently aligned. You fumbled. You were displaced. You are dead. Vanquished creatures: a large kobold a gecko 4 jackals a goblin a grid bug 3 lichens a kobold zombie 3 newts 15 creatures vanquished. Voluntary challenges: You used a wielded weapon 5 times, starting on turn 739. You read items or engraved 4 times, starting on turn 87. You never genocided any monsters. You never polymorphed an object. You never changed form. You used no wishes. You never split a pudding. You wrote Elbereth's name 1 time, starting on turn 910. You never violated your personal moral code. Dungeon overview: The Dungeons of Doom: levels 1 to 3 Level 1 a long staircase Level 2 an armor shop Level 3 <- You were here History has recorded: On T:1 you entered the Dungeons of Doom to retrieve the Amulet of Yendor! On T:411 you reached level 2 of The Dungeons of Doom. On T:796 you reached level 3 of The Dungeons of Doom. Score breakdown: Gold: 373 ( 8752 points) Experience: 1 level ( 0 points) Exploration: 3 levels ( 5.88%) ( 6000 points) Discoveries: 2 items ( 0.67%) ( 2457 points) Valuables value: (no points given unless you survive) Artifact value: 0 ( 0 points) Variety of kills: 8 monsters ( 2.10%) ( 4347 points) Turncount: 1006 turns ( 0 points) Survival: died (score multiplied by 80%) Total score: 17244 Latest messages: You flounder. You make a lot of noise! You displace Armand. You stumble. You make a lot of noise! The door resists! (2x) The door opens. The jackal bites! (2x) Armand misses the jackal. (3x) The door resists! The jackal misses. Armand misses the jackal. The door resists! The jackal bites! Armand misses the jackal. (2x) The door opens. The jackal bites! Armand bites the jackal. The jackal is killed! The jackal bites! You miss the jackal. The jackal bites! You miss the jackal. The jackal bites! You die... Final status: Aloha Zazza the Tourist, killed by a jackal... You died in The Dungeons of Doom on dungeon level 3 with 17244 points, and 1041 pieces of gold, after 1006 moves. You were level 1 with a maximum of 12 hit points when you died.